AoeStats
← PBNX_EMP

Arena

504800314Analyzed
3v3 RM · 24d ago on Sep 6, 2026· 103m 41s· 6 players
Game mode
Random Map
Map size
Normal (6 player)
Population
200
Speed
Normal
Resources
Standard
Victory
Conquest
Starting age
Dark Age
Ending age
Imperial Age
RankedLock teamsTeams togetherTeam positionsShared explorationLock speedFull tech treeHidden civsTurbo modeCheats
Victory
Defeat
🇷🇴 Franks · Romania
561
+11
🇷🇴 Teutons · Romania
494
+14
🇬🇧 Italians · United Kingdom
485
+14
🇦🇷 Chinese · Argentina
495
-15
🇦🇷 Turks · Argentina
436
-13
🇦🇷 Bohemians · Argentina
399
-11
ratman
10:01 Loom
11:48 Feudal Age
17:16 Castle Age
15:33 Double-Bit Axe
16:51 Horse Collar
18:42 Bow Saw
18:35 Heavy Plow
20:05 Wheelbarrow
22:35 Fletching
22:56 Forging
26:42 Bodkin Arrow
27:22 Iron Casting
26:48 Padded Archer Armor
26:49 Scale Mail Armor
26:14 Man-at-Arms
26:40 Arson
26:56 Squires
27:53 Caravan
30:40 Hand Cart
30:15 Town Watch
33:48 Long Swordsman
33:49 Pikeman
35:09 Treadmill Crane
38:02 Imperial Age
35:55 Ballistics
36:35 Chemistry
37:09 Leather Archer Armor
36:59 Crossbowman
38:21 Wagenburg Tactics
38:13 Arbalester
39:30 Ring Archer Armor
39:01 Bracer
40:02 Blast Furnace
39:54 Guilds
40:38 Chain Mail Armor
40:01 Two-Handed Swordsman
40:04 Halberdier
42:23 Elite Hussite Wagon
43:30 Conscription
51:38 Plate Mail Armor
52:53 Houfnice
68:15 Champion
79:03 Sanctity
79:19 Theocracy
79:05 Hussite Reforms
78:32 Sappers
22martin22
13:28 Feudal Age
18:27 Stone Mining
18:28 Gold Mining
21:25 Castle Age
19:13 Loom
19:23 Horse Collar
19:31 Double-Bit Axe
23:31 Wheelbarrow
23:07 Caravan
24:12 Gold Shaft Mining
23:39 Heavy Plow
25:18 Hand Cart
26:28 Stone Shaft Mining
27:25 Bow Saw
27:20 Fletching
30:28 Forging
30:14 Bodkin Arrow
30:20 Padded Archer Armor
35:30 Imperial Age
34:18 Ballistics
34:59 Leather Archer Armor
35:21 Iron Casting
35:27 Town Watch
36:02 Elite Chu Ko Nu
36:16 Crossbowman
37:02 Thumb Ring
37:15 Scale Mail Armor
39:56 Great Wall
40:18 Conscription
39:32 Sappers
39:49 Arbalester
41:14 Coinage
44:43 Blast Furnace
44:15 Ring Archer Armor
43:46 Bracer
44:02 Chain Mail Armor
53:36 Town Patrol
54:45 Two-Man Saw
54:34 Banking
78:10 Plate Mail Armor
77:45 Arrowslits
79:22 Chemistry
79:52 Squires
79:26 Pikeman
81:49 Scale Barding Armor
81:38 Halberdier
81:44 Halberdier
_Hckt87 ⭕⃤ ⭕ FALCON
11:36 Feudal Age
9:59 Loom
13:19 Wheelbarrow
12:35 Horse Collar
14:12 Town Watch
14:14 Loom
16:27 Double-Bit Axe
21:10 Castle Age
19:43 Scale Mail Armor
20:31 Forging
22:31 Hand Cart
23:08 Bow Saw
23:26 Heavy Plow
26:22 Town Patrol
29:01 Iron Casting
28:19 Fletching
29:05 Chain Mail Armor
28:57 Scale Barding Armor
29:07 Padded Archer Armor
35:13 Chain Barding Armor
34:50 Bodkin Arrow
35:10 Leather Archer Armor
41:32 Imperial Age
40:30 Treadmill Crane
41:12 Ballistics
40:59 Siphons
40:45 Guard Tower
41:08 Masonry
44:41 Bombard Tower
44:08 Arrowslits
44:35 Incendiaries
44:47 Shipwright
44:35 Caravan
46:42 Fortified Wall
47:28 Elite Janissary
48:49 Conscription
51:03 Sipahi
50:14 Sappers
54:31 Hoardings
53:57 Artillery
58:58 Coinage
58:56 Guilds
67:48 Banking
68:23 Blast Furnace
71:22 Arson
71:40 Squires
71:02 Man-at-Arms
71:24 Man-at-Arms
76:38 Long Swordsman
78:39 Heated Shot
79:23 Architecture
78:50 Murder Holes
79:31 Keep
79:08 Clinker Construction
79:47 Plate Mail Armor
79:32 Bracer
80:35 Plate Barding Armor
80:50 Ring Archer Armor
79:46 Two-Handed Swordsman
82:42 Champion
91:27 Capped Ram
PBNX_EMP
12:42 Feudal Age
14:37 Wheelbarrow
18:30 Stone Mining
18:32 Gold Mining
24:02 Castle Age
22:09 Double-Bit Axe
25:25 Bow Saw
27:01 Hand Cart
32:14 Imperial Age
32:34 Gold Shaft Mining
35:46 Chemistry
34:53 Siege Engineers
39:01 Scale Barding Armor
38:57 Scale Mail Armor
39:08 Forging
38:59 Padded Archer Armor
38:49 Fletching
39:07 Husbandry
38:27 Cavalier
40:03 Caravan
42:16 Chivalry
42:37 Conscription
44:41 Paladin
46:46 Chain Barding Armor
46:42 Chain Mail Armor
47:03 Iron Casting
57:48 Plate Barding Armor
58:14 Blast Furnace
57:03 Light Cavalry
70:19 Leather Archer Armor
70:00 Bodkin Arrow
70:36 Plate Mail Armor
70:50 Ballistics
70:44 Masonry
mihai.borde78
15:56 Feudal Age
17:55 Wheelbarrow
18:44 Padded Archer Armor
18:35 Fletching
18:53 Scale Barding Armor
18:48 Scale Mail Armor
19:00 Forging
19:09 Horse Collar
19:20 Double-Bit Axe
20:27 Gold Mining
26:18 Castle Age
27:20 Hand Cart
27:25 Elite Skirmisher
28:10 Thumb Ring
28:11 Heavy Plow
28:28 Bow Saw
31:51 Stone Mining
33:52 Caravan
34:22 Coinage
35:50 Leather Archer Armor
35:30 Bodkin Arrow
35:53 Chain Mail Armor
36:14 Iron Casting
39:15 Ballistics
38:37 Treadmill Crane
39:08 Masonry
42:20 Imperial Age
42:50 Silk Road
42:48 Squires
42:09 Pikeman
44:12 Chemistry
43:43 Architecture
47:00 Stone Shaft Mining
46:42 Guilds
47:00 Light Cavalry
47:50 Bloodlines
47:42 Husbandry
56:49 Ring Archer Armor
56:19 Bracer
56:50 Plate Mail Armor
57:21 Blast Furnace
56:43 Chain Barding Armor
57:27 Pirotechnia
57:39 Conscription
56:42 Elite Genoese Crossbowman
60:29 Banking
72:02 Hussar
bordeianu.petru
11:30 Feudal Age
12:32 Double-Bit Axe
14:59 Horse Collar
20:39 Castle Age
21:43 Heavy Plow
21:54 Bow Saw
28:09 Bow Saw
31:12 Wheelbarrow
33:23 Hand Cart
32:53 Loom
32:54 Town Watch
37:07 Imperial Age
34:33 Fletching
37:30 Squires
38:49 Crop Rotation
39:29 Two-Man Saw
40:23 Hoardings
40:12 Crenellations
39:59 Bodkin Arrow
41:34 Conscription
40:35 Elite Teutonic Knight
41:27 Onager
42:16 Caravan
43:59 Scale Mail Armor
44:37 Elite Skirmisher
46:04 Chain Mail Armor
46:06 Forging
47:02 Chemistry
46:15 Masonry
46:38 Scale Barding Armor
47:17 Plate Mail Armor
47:23 Iron Casting
52:23 Blast Furnace
50:56 Man-at-Arms
51:29 Long Swordsman
52:22 Padded Archer Armor
51:49 Siege Onager
52:11 Two-Handed Swordsman
53:05 Champion
53:35 Gambesons
53:37 Arson
58:22 Siege Engineers
63:54 Caravan
64:25 Ballistics
64:17 Fortified Wall
64:22 Town Patrol
80:43 Leather Archer Armor
80:54 Ironclad
81:20 Pikeman
Connection lost

Rejoining the realm…

Still unreachable

The connection could not be restored.

Session expired

The server has moved on; the page needs a fresh start.